 Dungeon Crawl Stone Soup version 0.16.1-11-g651b585 (webtiles) character file.

5967 Radiman the Thaumaturge (level 10, 0/57 HPs)
             Began as a Gargoyle Earth Elementalist on Apr 2, 2015.
             Was a Believer of Vehumet.
             Slain by a polar bear (11 damage)
             ... on level 9 of the Dungeon.
             The game lasted 01:09:23 (12982 turns).

Radiman the Thaumaturge (GrEE)                     Turns: 12982, Time: 01:09:23

Health: 0/57       AC: 14    Str: 11    XL:     10   Next: 84%
Magic:  0/27       EV: 12    Int: 20    God:    Vehumet [**....]
Gold:   415        SH:  0    Dex: 10    Spells: 4 memorised, 15 levels left

rFire  + . .     SeeInvis .     w - staff of energy
rCold  . . .     Clarity  .     M - +2 robe {rF+}
rNeg   + . .     SustAb   .     (no shield)
rPois  ∞         Gourm    .     (no helmet)
rElec  +         Spirit   .     u - +0 cloak
rCorr  +         Warding  .     z - +0 pair of gloves
rMut   .         Stasis   .     p - +0 pair of boots
MR     .....                    Q - amulet of resist corrosion
Stlth  ++........               (no ring)
                                (no ring)

@: not resistant to hostile enchantments, unstealthy
A: negative energy resistance 1, electricity resistance, unbreathing,
petrification resistance, rot immunity, AC +7
a: Renounce Religion


You were on level 9 of the Dungeon.
You worshipped Vehumet.
Vehumet was pleased with you.
You were not hungry.

You visited 2 branches of the dungeon, and saw 10 of its levels.

You collected 415 gold pieces.

Inventory:

Hand weapons
 e - a +0 flail
 L - a +0 flail of holy wrath
 R - a cursed +1 flail
 S - a +1 mace
 T - a +0 morningstar
Missiles
 b - 182 stones (quivered)
Armour
 p - a +0 pair of boots (worn)
 s - a +0 buckler
 u - a +0 cloak (worn)
 z - a +0 pair of gloves (worn)
 M - a +2 robe of fire resistance (worn)
Magical staves
 w - an uncursed staff of energy (weapon)
Jewellery
 c - an uncursed ring of teleportation
 m - an uncursed amulet of resist mutation
 Q - an amulet of resist corrosion (around neck)
Magical devices
 x - a wand of draining (2)
 A - a wand of confusion (32)
 F - a wand of frost (31)
 H - a wand of draining (5)
 P - a wand of frost (18)
Scrolls
 g - 2 scrolls of teleportation
 h - a scroll of enchant weapon {unknown}
 j - a scroll of recharging {unknown}
 l - 4 scrolls of immolation
 o - 4 scrolls of enchant armour
 r - a scroll of remove curse
 y - 2 scrolls of amnesia {unknown}
 B - a scroll of acquirement {unknown}
 E - a scroll of fear {unknown}
 J - a scroll of blinking {unknown}
 K - a scroll of summoning {unknown}
Potions
 k - a potion of magic
 q - a potion of cure mutation
 v - a potion of flight
 C - a potion of haste
 G - a potion of cancellation {unknown}
 N - a potion of ambrosia {unknown}
 O - 2 potions of berserk rage {unknown}
Books
 d - a book of Geomancy

   Spells                             Type                      Level
   a - Sandblast                      Earth                        1
   b - Stoneskin                      Transmutation/Earth          2
   c - Passwall                       Transmutation/Earth          3
   d - Stone Arrow                    Conjuration/Earth            3
   e - Petrify                        Transmutation/Earth          4
   f - Lee's Rapid Deconstruction     Earth                        5
 t - a book of Ice

   Spells                             Type                      Level
   a - Ice Form                       Ice/Transmutation            4
   b - Metabolic Englaciation         Hexes/Ice                    5
   c - Ozocubu's Refrigeration        Ice                          6
   d - Bolt of Cold                   Conjuration/Ice              6
   e - Freezing Cloud                 Conjuration/Ice/Air          6
   f - Simulacrum                     Ice/Necromancy               6
Miscellaneous
 U - a phial of floods
Comestibles
 a - 10 bread rations
 f - 6 meat rations
 n - 11 fruits
 D - 2 beef jerkies


   Skills:
 + Level 4.2 Fighting
 + Level 3.9 Maces & Flails
 + Level 4.0 Armour
 + Level 3.2 Dodging
 - Level 2.1 Stealth
 + Level 4.4 Shields
 * Level 8.5 Spellcasting
 + Level 6.8 Conjurations
 - Level 0.7 Transmutations
 + Level 8.5 Earth Magic
 + Level 3.4 Evocations


You had 15 spell levels left.
You knew the following spells:

 Your Spells              Type           Power        Failure   Level  Hunger
a - Sandblast             Erth           #####.       1%          1    None
b - Stoneskin             Trmt/Erth      ####....     1%          2    None
c - Stone Arrow           Conj/Erth      #####.       1%          3    None
d - Lee's Rapid Deconstr  Erth           #####.....   10%         5    None


Dungeon Overview and Level Annotations

Branches:
Dungeon (9/15)             Temple (1/1) D:7            Lair (0/8) D:9
    Orc: D:9-12

Altars:
Ashenzari
Cheibriados
Dithmenos
Elyvilon
Fedhas
Gozag
Kikubaaqudgha
Makhleb
Nemelex Xobeh
Okawaru
Qazlal
Ru
Sif Muna
Trog
Vehumet
Yredelemnul
Zin
The Shining One

Annotations:
D:9 karlm's ghost, experienced OgHu


Innate Abilities, Weirdness & Mutations

You are resistant to torment.
You are immune to poison.
Your stone body is very resilient (AC +7).
You resist negative energy.
You are resistant to electric shocks.
You can survive without breathing.
You are immune to petrification.
You are immune to rotting.


Message History

a dagger; a robe; a club You see here 20 stones.
Casting: Sandblast
Confirm with . or Enter, or press ? or * to list all spells.
Aiming: Sandblast
Press: ? - help, Shift-Dir - straight line, f/p - polar bear
Aim: a polar bear (heavily wounded)
The blast of sand hits the polar bear.
The polar bear is heavily wounded.
The polar bear bites you!
* * * LOW HITPOINT WARNING * * *
The polar bear closely misses you. The polar bear claws you.
* * * LOW HITPOINT WARNING * * *
Zapping:
x - a wand of draining (will waste charges)
Press: ? - help, Shift-Dir - straight line, f/p - polar bear
Aim: a polar bear (heavily wounded)
The bolt of negative energy misses the polar bear.
Evoking this partially-identified wand wasted a few charges.
The polar bear bites you!
You die...

#≈###.o.....# #..
###≈###.......# #..
#.)..)........#####..
#.#####......$##.....
#.# #.....######.....
#.# #.....# #....♣
#)# #.....# #.....
#)###.....######.≈.(.
#.(h@.......)........
#####.....######.....
#.....# #.....
#.....# #.....
#.....# #.....
####### #..... ######


You could see a polar bear.

Vanquished Creatures
  The ghost of Radiman the Magician, an experienced GrEE (D:6)
  3 trolls
  A polar bear (D:9)
  A wraith (D:9)
  A yak (D:9)
  A spriggan (D:7)
  A steam dragon (D:8)
  A hippogriff (D:9)
  A wolf (D:9)
  A water moccasin (D:9)
  A phantom (D:8)
  3 porcupines (D:9)
  2 ice beasts
  A black bear (D:8)
  An ogre (D:5)
  2 orc warriors
  3 sky beasts
  3 crocodiles (D:9)
  2 centaurs
  A giant frog (D:7)
  A scorpion (D:6)
  A water moccasin skeleton (D:4)
  5 wights (D:9)
  A goliath beetle (D:7)
  2 jellies
  2 crimson imps
  8 electric eels
  8 orc priests
  5 worker ants
  2 giant frog skeletons
  4 hounds
  Natasha (thrice) (D:6)
  An iguana (D:9)
  10 orc wizards
  9 sheep
  15 adders
  4 gnolls (D:4)
  2 river rats (D:9)
  A shadow imp (D:4)
  7 worms
  4 adder skeletons
  2 adder simulacra (D:9)
  4 giant geckos
  30 orcs
  2 bat skeletons
  4 giant cockroaches
  7 goblins
  20 hobgoblins
  2 oozes
  5 quokkas
  12 bats
  A giant gecko skeleton (D:4)
  A giant gecko zombie (D:7)
  3 giant newts
  10 jackals
  17 kobolds
  An orc zombie (D:4)
  35 rats
282 creatures vanquished.

Vanquished Creatures (others)
  An orc wizard (D:9)
  An ufetubus (D:9)
  A fungus (D:9)
  A plant (D:9)
4 creatures vanquished.

Grand Total: 286 creatures vanquished

Notes
Turn   | Place    | Note
--------------------------------------------------------------
     0 | D:1      | Radiman, the Gargoyle Earth Elementalist, began the quest for the Orb.
     0 | D:1      | Reached XP level 1. HP: 10/10 MP: 3/3
   355 | D:1      | Reached XP level 2. HP: 15/15 MP: 1/5
   863 | D:1      | Learned a level 2 spell: Stoneskin
   939 | D:2      | Reached skill level 4 in Earth Magic
   939 | D:2      | Reached XP level 3. HP: 19/19 MP: 1/6
  1329 | D:2      | Found a snail-covered altar of Cheibriados.
  1726 | D:3      | Learned a level 3 spell: Stone Arrow
  1926 | D:3      | Reached XP level 4. HP: 24/24 MP: 3/9
  2332 | D:3      | Reached skill level 1 in Conjurations
  3056 | D:3      | Reached XP level 5. HP: 22/28 MP: 6/12
  3161 | D:3      | Learned a level 5 spell: Lee's Rapid Deconstruction
  3188 | D:4      | Found a blossoming altar of Fedhas.
  3343 | D:4      | Reached skill level 5 in Earth Magic
  3572 | D:4      | Found an ancient bone altar of Kikubaaqudgha.
  3839 | D:4      | Reached XP level 6. HP: 27/32 MP: 10/15
  4704 | D:5      | Entered Level 5 of the Dungeon
  5276 | D:5      | Reached skill level 5 in Spellcasting
  5276 | D:5      | Reached XP level 7. HP: 28/36 MP: 13/18
  5486 | D:5      | Found a shattered altar of Ashenzari.
  5649 | D:5      | Reached skill level 6 in Earth Magic
  5965 | D:6      | Found an iron altar of Okawaru.
  6033 | D:6      | Noticed Radiman's ghost (experienced GrEE)
  6045 | D:6      | Noticed Natasha
  6050 | D:6      | Killed Radiman's ghost
  6050 | D:6      | Reached XP level 8. HP: 17/41 MP: 4/22
  6051 | D:6      | Killed Natasha
  6182 | D:6      | Reached skill level 5 in Conjurations
  6182 | D:6      | Reached skill level 7 in Earth Magic
  6278 | D:6      | Noticed Natasha
  6285 | D:6      | Killed Natasha
  6702 | D:6      | Noticed Natasha
  6716 | D:6      | Killed Natasha
  6927 | D:7      | Found a staircase to the Ecumenical Temple.
  7114 | D:7      | Reached skill level 1 in Armour
  7203 | D:7      | Reached skill level 1 in Maces & Flails
  7253 | D:7      | Reached skill level 1 in Fighting
  7253 | D:7      | Reached skill level 1 in Shields
  7369 | D:7      | Reached skill level 1 in Evocations
  7421 | D:7      | Reached XP level 9. HP: 47/47 MP: 11/24
  7508 | D:7      | Found a deep blue altar of Sif Muna.
  7540 | D:7      | Found a glowing golden altar of the Shining One.
  8523 | D:7      | Found an opulent altar of Gozag.
  9090 | Temple   | Entered the Ecumenical Temple
  9133 | Temple   | Became a worshipper of Vehumet
  9937 | D:9      | Found a staircase to the Orcish Mines.
 10556 | D:9      | Reached XP level 10. HP: 43/56 MP: 7/25
 10744 | D:9      | Acquired Vehumet's first power
 10744 | D:9      | Offered knowledge of Sting by Vehumet.
 10794 | D:9      | Found a staircase to the Lair.
 10823 | D:9      | Noticed karlm's ghost (experienced OgHu)
 10939 | D:8      | Reached skill level 8 in Earth Magic
 12369 | D:9      | Offered knowledge of Magic Dart by Vehumet.
 12951 | D:9      | HP: 2/57 [orc warrior/trident (10)]
 12982 | D:9      | Slain by a polar bear

Action                   |  1- 3 |  4- 6 |  7- 9 | 10-12 || total
-------------------------+-------+-------+-------+-------++-------
Melee: Unarmed           |    32 |    40 |       |       ||    72
       Mace              |       |    15 |       |       ||    15
       Flail             |       |    27 |       |       ||    27
       Staff             |       |       |    19 |   112 ||   131
 Cast: Sandblast         |    84 |   263 |   126 |    85 ||   558
       Stone Arrow       |       |       |   121 |   101 ||   222
Evoke: Staff of energy   |       |       |     2 |     1 ||     3
       Wand              |       |       |       |     1 ||     1
  Use: Scroll            |       |     6 |     5 |       ||    11
       Potion            |       |       |       |     5 ||     5
 Stab: Distracted        |       |       |     1 |       ||     1
  Eat: Chunk             |     3 |    11 |    14 |     8 ||    36
       Beef jerky        |       |       |     1 |       ||     1
